 Dungeon Crawl Stone Soup version 0.27.0-1-g7a089689b8 (webtiles) character file.

Game seed: 3043138161507503701

2674 wakim the Destroyer (level 9, 0/45 HPs)
             Began as a Deep Elf Conjurer on Aug 6, 2021.
             Was a Believer of Vehumet.
             Slain by an orc warrior (4 damage)
             ... on level 8 of the Dungeon.
             The game lasted 00:17:41 (8867 turns).

wakim the Destroyer (Deep Elf Conjurer)             Turns: 8867, Time: 00:17:42

Health: 0/45       AC:  3    Str:  6    XL:     9   Next: 37%
Magic:  10/17      EV: 12    Int: 25    God:    Vehumet [**....]
Gold:   224        SH:  5    Dex: 13    Spells: 13/16 levels left

rFire    . . .     SeeInvis .   a - +1 dagger (venom)
rCold    . . .     Faith    .   (no shield)
rNeg     . . .     Spirit   .   c - +0 robe
rPois    +         Reflect  +   (no helmet)
rElec    .         Harm     .   (no cloak)
rCorr    .         Rampage  .   (no gloves)
Will     .....                  e - +0 pair of boots
Stlth    ++........             g - amulet of reflection
HPRegen  0.15/turn              k - ring of poison resistance
MPRegen  0.15/turn              (no ring)

@: no status effects
A: no striking features
a: Renounce Religion


You were on level 8 of the Dungeon.
You worshipped Vehumet.
Vehumet was pleased with you.
You visited 2 branches of the dungeon, and saw 9 of its levels.
You also visited: Ossuary.

You collected 224 gold pieces.

Inventory:

Hand Weapons
 a - a +1 dagger of venom (weapon)
 b - a +1 whip of flaming
Missiles
 f - 2 throwing nets {=f!f}
Armour
 c - a +0 robe (worn)
 e - a +0 pair of boots (worn)
Jewellery
 g - an amulet of reflection (around neck)
 k - a ring of poison resistance (left hand)
Wands
 t - a wand of digging (7)
 u - a wand of mindburst (10)
 v - a wand of flame (17)
Scrolls
 Q - 2 scrolls of immolation {!r!r}
 W - a scroll of holy word
 Y - a scroll of blinking {!r}
Potions
 C - a potion of berserk rage {!q}
 D - a potion of brilliance
 F - 2 potions of curing
 G - 2 potions of flight
 H - 3 potions of haste
 N - 2 potions of might


   Skills:
 - Level 2.4 Dodging
 - Level 2.4 Stealth
 - Level 4.0 Spellcasting
 * Level 13.9 Conjurations


You had 13 spell levels left.
You knew the following spells:

 Your Spells              Type           Power      Damage    Failure   Level
a - Magic Dart            Conj           100%       1d8       1%          1
s - Searing Ray           Conj           100%       3d7       1%          2

Your spell library contained the following spells:

 Spells                   Type           Power      Damage    Failure   Level
 Static Discharge         Conj/Air       39%        N/A       1%          2
 Dazzling Flash           Conj/Hex       78%        N/A       1%          3
 Mephitic Cloud           Conj/Pois/Air  28%        N/A       4%          3
 Fulminant Prism          Conj/Hex       19%        3d11      5%          4
 Iskenderun's Mystic Bla  Conj/Tloc      39%        2d9       5%          4
 Call Imp                 Summ           5%         N/A       14%         2


Dungeon Overview and Level Annotations

Branches:
Dungeon (8/15)             Temple (1/1) D:4            Lair (0/6) D:8
Ossuary (visited)

Altars:
Ashenzari
Dithmenos
Elyvilon
Fedhas
Gozag
Kikubaaqudgha
Makhleb
Nemelex Xobeh
Okawaru
Qazlal
Ru
Sif Muna
Trog
Uskayaw
Vehumet
Wu Jian
Xom
Yredelemnul
Zin
The Shining One


Message History

The searing ray misses the bullfrog. (Press . to maintain the ray.)
The bullfrog gives a loud, deep croak!
The searing ray hits the bullfrog!
The bullfrog is severely wounded.
The searing ray hits the bullfrog!
You kill the bullfrog!
Vehumet accepts your kill.
You feel your power returning.
An orc warrior is nearby!
Unknown command.
The orc warrior shouts!
The searing ray hits the orc warrior!
The orc warrior is moderately wounded. (Press . to maintain the ray.)
The orc warrior hits you from afar with a +0 halberd of freezing!!
The orc warrior freezes you!
* * * LOW HITPOINT WARNING * * *
You are too injured to fight recklessly!
The searing ray hits the orc warrior.
The orc warrior is heavily wounded.
The orc warrior barely misses you.
The searing ray hits the orc warrior but does no damage.
The orc warrior is heavily wounded.
The orc warrior barely misses you.
The searing ray hits the orc warrior!
The orc warrior is severely wounded.
You finish channeling your searing ray.
The orc warrior closely misses you.
Casting: Searing Ray (safe; 1% risk of failure)
Confirm with . or Enter, or press ? or * to list all spells.
Aiming: Searing Ray (safe; 1% risk of failure)
Press: ? - help, Shift-Dir - straight line, f/p - orc warrior
Aim: an orc warrior, wielding a +0 halberd of freezing and wearing a +0 plate armour (severely wounded, 83% to hit)
The searing ray hits the orc warrior!
The orc warrior is almost dead. (Press . to maintain the ray.)
The orc warrior hits you from afar with a +0 halberd of freezing!
* * * LOW HITPOINT WARNING * * *
The orc warrior freezes you.
You die...

..P..## ...........)) P....#
###+#. #............ P.. #.....
#.......##### ..# #.....
#.......#...# ### #..>..
####.......'...# #.....
##.##.......#...' .
#.....###...#.#######...# ..
#......#............'...# #.
#.....o.@..........######
#########.....#.....#...†..#.....
..............#.....#......#.....
..............#.....#......#.....
..............#....##......#.....
..............#....##......#.....
..............#....##......#.....
#########.....#............#.....
# #.....#.... #.....


You could see an orc warrior.

Vanquished Creatures
  Pikel (D:4)
  4 black bears
  An orc warrior (D:8)
  A necrophage (D:6)
  3 ogres
  A centaur (D:5)
  3 lemures (D:4)
  A phantom (D:4)
  2 bullfrogs (D:8)
  A scorpion (D:8)
  A wyvern zombie (D:5)
  A water moccasin skeleton (D:6)
  3 killer bees (D:8)
  A centaur zombie (D:5)
  A bullfrog zombie (D:5)
  2 gnoll shamans (D:8)
  2 orc priests
  Natasha (twice) (D:2)
  2 iguanas
  3 orc wizards
  A hound skeleton (D:5)
  3 mummies (Ossuary)
  A howler monkey zombie (D:8)
  19 gnolls
  11 adders
  An ufetubus (D:6)
  3 adder zombies (Ossuary)
  A worm (D:4)
  A dart slug (D:2)
  12 orcs
  6 endoplasms
  2 giant cockroaches
  11 goblins
  6 hobgoblins
  4 jackals (D:2)
  5 kobolds
  5 quokkas
  11 ball pythons
  6 bats
  8 frilled lizards
  2 goblin zombies (Ossuary)
  2 hobgoblin zombies (Ossuary)
  6 kobold zombies (Ossuary)
  3 quokka zombies (Ossuary)
  8 rats
  2 rat zombies (Ossuary)
176 creatures vanquished.

Vanquished Creatures (others)
  11 fungi (D:8)
  12 plants (D:8)
23 creatures vanquished.

Grand Total: 199 creatures vanquished

Notes
Turn   | Place    | Note
-------+----------+-------------------------------------------
     0 | D:1      | wakim the Deep Elf Conjurer began the quest for the Orb.
     0 | D:1      | Reached XP level 1. HP: 10/10 MP: 6/6
   134 | D:1      | Reached XP level 2. HP: 13/15 MP: 2/8
   418 | D:1      | Reached skill level 5 in Conjurations
   653 | D:1      | Reached XP level 3. HP: 19/19 MP: 6/10
   656 | D:1      | Learned a level 2 spell: Searing Ray
  1335 | D:2      | Reached XP level 4. HP: 24/24 MP: 1/12
  1608 | D:2      | Reached skill level 6 in Conjurations
  1610 | D:2      | Noticed Natasha
  1619 | D:2      | Killed Natasha
  2101 | D:2      | Found a basalt altar of Yredelemnul.
  2312 | D:2      | Noticed Natasha
  2317 | D:2      | Killed Natasha
  2318 | D:2      | Reached XP level 5. HP: 28/28 MP: 9/13
  2660 | D:3      | Found a shimmering blue altar of Sif Muna.
  2812 | D:3      | Reached skill level 7 in Conjurations
  3029 | D:3      | Found a broken altar of Ashenzari.
  3204 | D:3      | Found an iron altar of Okawaru.
  3584 | D:4      | Noticed an ogre
  3588 | D:4      | Killed an ogre
  3589 | D:4      | Reached XP level 6. HP: 32/32 MP: 10/14
  3775 | D:4      | Reached skill level 8 in Conjurations
  3910 | D:4      | Noticed Pikel
  4210 | D:4      | Found a staircase to the Ecumenical Temple.
  4260 | Temple   | Entered the Ecumenical Temple
  4274 | Temple   | Became a worshipper of Vehumet
  4698 | D:4      | Found an opulent altar of Gozag.
  4889 | D:4      | Killed Pikel
  4890 | D:4      | Reached skill level 10 in Conjurations
  4890 | D:4      | Reached XP level 7. HP: 25/36 MP: 3/15
  5024 | D:5      | Entered Level 5 of the Dungeon
  5109 | D:5      | Reached XP level 8. HP: 41/41 MP: 6/16
  5112 | D:5      | Reached skill level 11 in Conjurations
  5619 | D:5      | You fall into a shaft and drop 1 floor!
  5623 | D:6      | Found a white marble altar of Elyvilon.
  5965 | D:5      | HP: 1/41 [ogre (32)]
  6373 | D:5      | Reached skill level 12 in Conjurations
  6517 | D:5      | Found a blossoming altar of Fedhas.
  7464 | D:6      | You fall into a shaft and drop 2 floors!
  7517 | D:8      | Reached XP level 9. HP: 45/45 MP: 6/17
  7520 | D:8      | Reached skill level 13 in Conjurations
  7534 | D:8      | HP: 1/45 [killer bee (4)]
  7599 | D:8      | Reached * piety under Vehumet
  7599 | D:8      | Offered knowledge of Sandblast by Vehumet.
  8076 | D:8      | Found a staircase to the Lair.
  8203 | D:8      | Found a sand-covered staircase.
  8210 | Ossuary  | Entered an ossuary
  8484 | Ossuary  | Reached ** piety under Vehumet
  8520 | Ossuary  | Offered knowledge of Static Discharge by Vehumet.
  8686 | D:8      | Found the +3 pair of seven-league boots {Rampage+∞}
  8867 | D:8      | Slain by an orc warrior

Illustrated notes

Levels and vault maps discovered:
D:1:      minmay_arrival_three_doors, layout_basic
D:2:      layout_basic, basic_altar, uniq_natasha
D:3:      layout_loops_cross, mainiacjoe_overflow_alcove_1, lemuel_tele_altar,
          mainiacjoe_overflow_six_doors_small
D:4:      layout_basic, mainiacjoe_overflow_brackets, minmay_temple_entry_hall,
          serial_park_tiny_2, uniq_pikel
D:5:      layout_basic, fedhas_bush_and_centaur_altar
D:6:      layout_loops_corners, mainiacjoe_overflow_catwalk
D:7:      layout_rooms, serial_shops, nicolae_shop_trees,
          kennysheep_generic_room_13, uniq_menkaure
D:8:      layout_gridville, grunt_lair_entry_orc_guard_hut,
          chequers_ossuary_entry_cave, nicolae_straight_to_the_point
Temple:   eino_narrow_crystal_temple

Skill      XL: |  1  2  3  4  5  6  7  8  9 |
---------------+----------------------------+-----
Conjurations   | 5 6 7 10 12 13 | 13.9
Spellcasting   | 4 |  4.0
Dodging        | |  2.4
Stealth        | |  2.4

Action                   |  1- 3 |  4- 6 |  7- 9 || total
-------------------------+-------+-------+-------++-------
Melee: Short sword       |       |     1 |       ||     1
       Dagger            |       |       |    27 ||    27
 Cast: Magic Dart        |    37 |       |       ||    37
       Searing Ray       |    17 |    48 |    64 ||   129
  Use: Scroll            |       |    10 |     7 ||    17
       Potion            |       |       |     3 ||     3
Armor: Robe              |       |     6 |    10 ||    16
Dodge: Dodged            |       |    28 |    46 ||    74
Block: Other             |       |       |     5 ||     5
